 Dungeon Crawl Stone Soup version 0.31-a0-145-g046c7d2549 (webtiles) character file.

Game seed: 12680122270517456158

2277 lessens the Basher (level 9, -3/64 HPs)
             Began as a Formicid Fighter on June 6, 2023.
             Was a Believer of Okawaru.
             Slain by an ogre
             ... wielding a +0 giant club
              (18 damage)
             ... on level 7 of the Dungeon.
             The game lasted 00:10:32 (6826 turns).

lessens the Basher (Formicid Fighter)               Turns: 6826, Time: 00:10:32

Health: -3/64      AC: 17    Str: 31    XL:     9   Next: 66%
Magic:  12/12      EV: 11    Int:  8    God:    Okawaru [**....]
Gold:   231        SH:  5    Dex: 13    Spells: 8/8 levels left

rFire   . . .        I - +2 flail (protect)
rCold   . . .        c - +0 buckler
rNeg    . . .        G - +0 steam dragon scales
rPois   .            (helmet unavailable)
rElec   .            q - +0 cloak
rCorr   .            e - +0 pair of gloves
SInv    +            B - +1 pair of boots
Will    .....        (no amulet)
Stlth   +            h - +6 ring of strength
HPRegen 0.30/turn    (no ring)
MPRegen 0.13/turn

%: no passive effects
@: under a protective aura
A: permanent stasis, dig shafts and tunnels, antennae 3, four strong arms
a: Dig, Shaft Self, Renounce Religion, Heroism


You were on level 7 of the Dungeon.
You worshipped Okawaru.
Okawaru was pleased with you.
You visited 2 branches of the dungeon, and saw 8 of its levels.

You collected 231 gold pieces.

Inventory:

Hand Weapons
 a - a +0 flail
 s - a +0 morningstar
 I - a +2 flail of protection (weapon)
 L - a +0 giant spiked club
Missiles
 f - 82 stones
 g - 14 poisoned darts
 l - 9 javelins
 u - 3 throwing nets
 y - 4 boomerangs
Armour
 b - a +0 scale mail
 c - a +0 buckler (worn)
 e - a +0 pair of gloves (worn)
 q - a +0 cloak (worn)
 B - a +1 pair of boots (worn)
 G - +0 steam dragon scales (worn)
Jewellery
 h - a +6 ring of strength (left hand)
Wands
 w - a wand of flame (6)
Scrolls
 i - a scroll of butterflies {unknown}
 j - 2 scrolls of teleportation {unknown}
 n - a scroll of fog {unknown}
 o - a scroll of silence {unknown}
 p - a scroll of poison {unknown}
 t - a scroll of identify {unknown}
 v - 2 scrolls of amnesia {unknown}
 x - 3 scrolls of blinking {unknown}
 C - a scroll of vulnerability {unknown}
 D - 2 scrolls of enchant weapon {unknown}
 E - a scroll of torment {unknown}
 J - a scroll of immolation {unknown}
 K - a scroll of noise {unknown}
Potions
 d - a potion of might
 k - a potion of enlightenment {unknown}
 m - a potion of mutation {unknown}
 r - 2 potions of heal wounds {unknown}
 z - a potion of haste {unknown}
 A - a potion of curing
 F - 2 potions of degeneration {unknown}
 H - 2 potions of brilliance {unknown}


   Skills:
 - Level 3.2 Fighting
 * Level 11.6 Maces & Flails
 - Level 3.2 Armour
 + Level 1.5 Dodging
 - Level 4.0 Shields
 - Level 4.1 Invocations


You had 8 spell levels left.
You didn't know any spells.
Your spell library contained the following spells:

 Spells                   Type           Power      Damage    Failure   Level
 Slow                     Hex            0%         N/A       45%         1
 Sting                    Tmut/Pois      0%         1d3       45%         1
 Poisonous Vapours        Pois/Air       0%         N/A       58%         2
 Confusing Touch          Hex            0%         N/A       83%         3
 Vampiric Draining        Necr           0%         2d6       83%         3
 Olgreb's Toxic Radiance  Pois           0%         N/A       99%         4


Dungeon Overview and Level Annotations

Branches:
Dungeon (7/15) Zot: 26724  Temple (1/1) D:4 Zot: 5873

Altars:
Ashenzari
Cheibriados
Dithmenos
Elyvilon
Fedhas
Gozag
Hepliaklqana
Kikubaaqudgha
Makhleb
Nemelex Xobeh
Okawaru
Qazlal
Ru
Sif Muna
Trog
Uskayaw
Vehumet
Wu Jian
Xom
Yredelemnul
Zin
The Shining One


Innate Abilities, Weirdness & Mutations

You cannot be hasted, slowed, berserked, paralysed or teleported.
You can dig through walls and to a lower floor.
You have a pair of large antennae on your head. (SInv)
Your four strong arms can wield two-handed weapons with a shield.


Message History

You hit the ogre but do no damage.
Your weapon exudes an aura of protection.
You block the white imp's attack. You block the ogre's attack.
You hit the ogre.
The ogre is lightly wounded.
The white imp misses you.
You hit the ogre.
The ogre is moderately wounded.
The white imp gestures at you.
The puff of frost hits you but does no damage.
The ogre hits you with a +0 giant club!
You barely miss the ogre.
The ogre is moderately wounded.
The white imp hits you. The white imp freezes you.
You sock the ogre!
The ogre is almost dead.
The ogre hits you with a +0 giant club!
* * * LOW HITPOINT WARNING * * *
The white imp hits you but does no damage.
You barely miss the ogre.
The ogre is almost dead.
The white imp hits you but does no damage.
The ogre closely misses you.
You hit the ogre but do no damage.
The ogre is almost dead.
The white imp gestures at you. The puff of frost hits you.
* * * LOW HITPOINT WARNING * * *
You barely miss the ogre.
The ogre is almost dead.
The ogre closely misses you.
You closely miss the ogre.
The ogre is almost dead.
The white imp closely misses you.
You hit the ogre.
The ogre is almost dead.
The white imp gestures at you.
The puff of frost hits you but does no damage.
The ogre hits you with a +0 giant club!!
You die...

... ..# ### ## ..###
##..#..# #.## #....#
....#....##..# ##....#
..#.##...#...###....##..
###..#.......#.#O5......
.###.......#...#@...#
..###.........(....##
...#............#..#
#..÷....#.........#...
##)...........#...#....
###)....>).#####.......##.
# #.....).)..†.......##.(.
###(....))......###.......
.##........##...# .......


You could see an ogre and a white imp.

Vanquished Creatures
  A steam dragon (D:5)
  A water moccasin (D:7)
  An orc warrior (D:6)
  A sky beast (D:7)
  An ice beast (D:6)
  2 ogres (D:6)
  2 phantoms
  3 bullfrogs
  A kobold brigand (D:5)
  3 scorpions
  3 killer bees (D:6)
  A howler monkey (D:5)
  3 hounds
  2 orc priests (D:6)
  4 jellies
  2 gnoll boudas
  3 iguanas
  A sleepcap (D:4)
  3 orc wizards
  7 adders
  12 gnolls
  An adder zombie (D:3)
  2 dart slugs
  29 orcs
  6 ball pythons
  19 endoplasms
  7 giant cockroaches
  8 goblins
  6 hobgoblins
  4 jackals (D:1)
  18 kobolds
  3 quokkas
  8 bats
  3 frilled lizards
  A quokka zombie (D:3)
  6 rats
178 creatures vanquished.

Notes
Turn   | Place    | Note
-------+----------+-------------------------------------------
     0 | D:1      | lessens the Formicid Fighter began the quest for the Orb.
     0 | D:1      | Reached XP level 1. HP: 18/18 MP: 1/1
   253 | D:1      | Reached XP level 2. HP: 24/24 MP: 2/2
   316 | D:1      | Reached skill level 3 in Maces & Flails
   617 | D:1      | Reached XP level 3. HP: 29/29 MP: 3/3
  1196 | D:2      | Reached skill level 4 in Maces & Flails
  1196 | D:2      | Reached XP level 4. HP: 35/35 MP: 4/4
  2035 | D:2      | Reached XP level 5. HP: 38/41 MP: 5/5
  2179 | D:2      | Reached skill level 5 in Maces & Flails
  2400 | D:2      | Found a faded altar of an unknown god.
  2736 | D:3      | Reached XP level 6. HP: 47/47 MP: 6/6
  2927 | D:3      | Found a basalt altar of Yredelemnul.
  3382 | D:4      | Reached skill level 6 in Maces & Flails
  3515 | D:4      | Found a snail-covered altar of Cheibriados.
  3524 | D:4      | Found a bloodstained altar of Trog.
  3527 | D:4      | Found a white marble altar of Elyvilon.
  3823 | D:4      | Found a staircase to the Ecumenical Temple.
  3898 | Temple   | Entered the Ecumenical Temple
  3968 | Temple   | Became a worshipper of Warmaster Okawaru
  4158 | D:5      | Entered Level 5 of the Dungeon
  4205 | D:5      | Reached skill level 7 in Maces & Flails
  4205 | D:5      | Reached XP level 7. HP: 52/52 MP: 7/7
  4433 | D:5      | Noticed a steam dragon
  4657 | D:5      | Reached * piety under Okawaru
  4672 | D:5      | Reached skill level 8 in Maces & Flails
  5104 | D:5      | Reached XP level 8. HP: 58/58 MP: 8/8
  5327 | D:5      | Reached skill level 9 in Maces & Flails
  5532 | D:6      | Reached skill level 10 in Maces & Flails
  5581 | D:6      | Reached skill level 1 in Invocations
  5860 | D:6      | Reached XP level 9. HP: 64/64 MP: 10/10
  6316 | D:6      | Reached skill level 11 in Maces & Flails
  6592 | D:7      | Reached skill level 1 in Dodging
  6680 | D:7      | Reached ** piety under Okawaru
  6799 | D:7      | Identified the +8 falchion of Uncertain Death {freeze,
                  | rCorr}
  6826 | D:7      | Slain by an ogre

Illustrated notes

Levels and vault maps discovered:
D:1:      reono_arrival_mine, layout_loops_corners, patterned_corridor
D:2:      cheibrodos_fertilizer, layout_basic,
          shapermc_ecumenical_altar_acropolis
D:3:      layout_basic, lemuel_zombie_altar_yredelemnul, serial_rivers,
          chequers_serial_rivers_micro_a, chequers_serial_rivers_small_a,
          chequers_serial_rivers_micro_d, chequers_serial_rivers_large_a
D:4:      layout_cave_pools, grunt_temple_overflow_open,
          minmay_temple_entry_fiery
D:5:      layout_loops_corners, kennysheep_minor_cross
D:6:      layout_basic
D:7:      layout_cave_pools
Temple:   regret_index_temple_mists

Skill      XL: |  1  2  3  4  5  6  7  8  9 |
---------------+----------------------------+-----
Maces & Flails | 3 4 5 7 8 10 11 | 11.6
Invocations    | 2 4 |  4.1
Dodging        | 1 |  1.5
Fighting       | |  3.2
Armour         | |  3.2
Shields        | |  4.0

Action                     |  1- 3 |  4- 6 |  7- 9 || total
---------------------------+-------+-------+-------++-------
  Melee: Flail             |    93 |   127 |   155 ||   375
         Morningstar       |       |    72 |   139 ||   211
 Invoke: Heroism           |       |       |     5 ||     5
  Evoke: Wand              |       |       |     1 ||     1
    Use: Potion            |       |       |     1 ||     1
 Armour: Scale mail        |    58 |    97 |    34 ||   189
         Steam dragon scal |       |       |    82 ||    82
  Dodge: Dodged            |    34 |    86 |   117 ||   237
  Block: Buckler           |    18 |    57 |    60 ||   135

Table legend: (Time is in decaauts)
 A = Elapsed time spent in this place.
 B = Non-inter-level travel time spent in this place.
 C = Inter-level travel time spent in this place.
 D = Time resting spent in this place.
 E = Time spent auto-exploring this place.
 F = Levels seen in this place.
 G = Mean time per level.
                   A        B        C        D        E       F      G
               +--------+--------+--------+--------+--------+-----+--------+
         Total |   6917 |   6676 |    241 |    312 |   4716 |   8 |  864.6 |
       Dungeon |   6790 |   6571 |    219 |    312 |   4716 |   7 |  970.0 |
        Temple |    126 |    105 |     21 |      0 |      0 |   1 |  126.0 |
               +--------+--------+--------+--------+--------+-----+--------+

Top non-repeatable levels by time:
     D:2: 1457 daAuts
     D:5: 1207 daAuts
     D:1: 1162 daAuts
     D:6: 1136 daAuts
     D:3: 781 daAuts
     D:4: 769 daAuts
     D:7: 274 daAuts
  Temple: 126 daAuts

Levels and vault maps discovered:
D:1:      reono_arrival_mine, layout_loops_corners, patterned_corridor
D:2:      cheibrodos_fertilizer, layout_basic,
          shapermc_ecumenical_altar_acropolis
D:3:      layout_basic, lemuel_zombie_altar_yredelemnul, serial_rivers,
          chequers_serial_rivers_micro_a, chequers_serial_rivers_small_a,
          chequers_serial_rivers_micro_d, chequers_serial_rivers_large_a
D:4:      layout_cave_pools, grunt_temple_overflow_open,
          minmay_temple_entry_fiery
D:5:      layout_loops_corners, kennysheep_minor_cross
D:6:      layout_basic
D:7:      layout_cave_pools
Temple:   regret_index_temple_mists
